 Dungeon Crawl Stone Soup version 0.28.0-45-g0d030f2227 (webtiles) character file.

Game seed: 10461042176017035337

819 McKennaii the Conjurer (level 7, 0/47 HPs)
             Began as a Demonspawn Conjurer on Apr 16, 2022.
             Slain by a vampire (3 damage)
             ... on level 5 of the Dungeon.
             The game lasted 00:04:50 (5797 turns).

McKennaii the Conjurer (Demonspawn Conjurer)        Turns: 5797, Time: 00:04:50

Health: 0/47       AC: 12    Str:  7    XL:     7   Next: 63%
Magic:  0/15       EV: 12    Int: 22    God:
Gold:   199        SH:  0    Dex: 11    Spells: 14/17 levels left

rFire   . . .      SeeInvis .   (no weapon)
rCold   . . .      Faith    .   (no shield)
rNeg    . . .      Spirit   .   a - +0 robe
rPois   .          Reflect  .   m - +0 helmet
rElec   .          Harm     .   t - +0 cloak
rCorr   .          Rampage  .   j - +2 pair of gloves
Will    .....                   (no boots)
Stlth   ++........              (no amulet)
HPRegen 0.15/turn               e - +4 ring of protection
MPRegen 0.14/turn               (no ring)

@: no status effects
A: rugged brown scales 1, spiny 2
a: no special abilities


You were on level 5 of the Dungeon.
You visited 1 branch of the dungeon, and saw 5 of its levels.
You also visited: Sewer.

You collected 199 gold pieces.

Inventory:

Armour
 a - a +0 robe (worn)
 j - a +2 pair of gloves (worn)
 m - a +0 helmet (worn)
 t - a +0 cloak (worn)
Jewellery
 e - a +4 ring of protection (left hand)
 u - a ring of fire
Wands
 r - a wand of flame (25)
Scrolls
 b - 6 scrolls of teleportation {unknown}
 c - 4 scrolls of identify {unknown}
 d - 3 scrolls of vulnerability {unknown}
 f - a scroll of fear {unknown}
 h - 2 scrolls of enchant armour {unknown}
 k - 2 scrolls of amnesia {unknown}
 l - a scroll of silence {unknown}
 n - a scroll of fog {unknown}
 o - 3 scrolls of brand weapon {unknown}
 s - a scroll of noise {unknown}
Potions
 g - a potion of heal wounds {unknown}
 i - 5 potions of degeneration {unknown}
 p - 2 potions of mutation {unknown}
 q - a potion of haste {unknown}
 v - 2 potions of curing {unknown}
 w - a potion of magic {unknown}


   Skills:
 - Level 1.7 Dodging
 - Level 1.7 Stealth
 + Level 5.9 Spellcasting
 + Level 7.3 Conjurations


You had 14 spell levels left.
You knew the following spells:

 Your Spells              Type           Power      Damage    Failure   Level
a - Magic Dart            Conj           100%       1d8       1%          1
b - Searing Ray           Conj           76%        2d7       1%          2

Your spell library contained the following spells:

 Spells                   Type           Power      Damage    Failure   Level
 Dazzling Flash           Conj/Hex       44%        N/A       6%          3
 Fulminant Prism          Conj/Hex       11%        3d9       21%         4
 Iskenderun's Mystic Bla  Conj/Tloc      22%        2d6       21%         4


Dungeon Overview and Level Annotations

Branches:
Dungeon (5/15)             Temple (0/1) D:4           Sewer (visited)

Altars:
Kikubaaqudgha
Okawaru
Zin
The Shining One


Innate Abilities, Weirdness & Mutations

You are partially covered in rugged brown scales. (AC +1, +3% HP)
You are mostly covered in sharp spines.


Message History

Casting: Magic Dart (safe; 1% risk of failure)
Confirm with . or Enter, or press ? or * to list all spells.
Aiming: Searing Ray (safe; 1% risk of failure)
Press: ? - help, Shift-Dir - straight line (Press . to maintain the ray.)
Something hits you but does no damage. Something bites you!
Something draws strength from your injuries!
Unknown command.
You hear some strange, mumbled words.
Something tries to affect you, but you resist.
Unknown command.
The searing ray hits something but does no damage.
Something hits you but does no damage. Something bites you.
Something draws strength from your injuries!
Unknown command.
The searing ray hits something.
You finish channelling your searing ray.
Something hits you. Something completely misses you.
Unknown command.
Casting: Searing Ray (safe; 1% risk of failure)
Confirm with . or Enter, or press ? or * to list all spells.
Aiming: Searing Ray (safe; 1% risk of failure)
Press: ? - help, Shift-Dir - straight line The searing ray hits something but does no damage. (Press . to maintain the ray.)
Something hits you but does no damage. Something bites you but does no damage.
Unknown command.
The searing ray hits something!
Something draws life force from you!
* * * LOW HITPOINT WARNING * * *
Unknown command.
Something hits you!
* * * LOW HITPOINT WARNING * * *
Something bites you.
* * * LOW HITPOINT WARNING * * *
Something draws strength from your injuries!
Unknown command.
The searing ray hits something.
You finish channelling your searing ray.
Something hits you but does no damage. Something bites you.
You die...

.......#.......#...# .
##.....#.......#.###....
..........._............
.......#.......#........
.......#.......#........
.......##.....##.(...###
#......####.####.....##
#.....................#
................@.>#...#
.........>.#..#.#{.##.##
.............##.#.>#
................#....
##..............##....
#................ .....#
................. .....#
##...........#.##......#
#..#........... #


There were no monsters in sight!

Vanquished Creatures
  A black bear (D:5)
  A necrophage (D:4)
  A phantom (D:5)
  A scorpion (D:4)
  A water moccasin skeleton (D:5)
  A howler monkey (D:5)
  A hound (D:5)
  2 iguanas
  A hound zombie (D:5)
  2 hound skeletons (D:5)
  3 gnolls (D:2)
  10 adders
  3 river rats (Sewer)
  A white imp (D:4)
  An ufetubus (D:5)
  3 worms (D:4)
  4 dart slugs
  10 orcs
  15 ball pythons
  4 bats
  3 endoplasms
  4 giant cockroaches
  8 goblins
  5 hobgoblins
  3 jackals (D:2)
  7 quokkas
  8 frilled lizards
  A goblin skeleton (D:4)
  2 hobgoblin zombies (D:4)
  6 kobolds
  3 kobold skeletons (D:4)
  A kobold zombie (D:4)
  An orc skeleton (D:4)
  2 orc zombies (D:4)
  25 rats
145 creatures vanquished.

Vanquished Creatures (others)
  A plant (D:4)
1 creature vanquished.

Grand Total: 146 creatures vanquished

Notes
Turn   | Place    | Note
-------+----------+-------------------------------------------
     0 | D:1      | McKennaii the Demonspawn Conjurer began the quest for the
                  | Orb.
     0 | D:1      | Reached XP level 1. HP: 13/13 MP: 3/3
   259 | D:1      | Found a faded altar of an unknown god.
   380 | D:1      | Gained mutation: You are partially covered in sharp spines.
                  | [demonic ancestry]
   380 | D:1      | Reached XP level 2. HP: 19/19 MP: 1/5
  1075 | D:2      | Reached XP level 3. HP: 20/24 MP: 4/7
  1753 | D:2      | Reached XP level 4. HP: 25/30 MP: 3/8
  2055 | D:2      | Reached skill level 5 in Conjurations
  2620 | D:3      | Found an ancient bone altar of Kikubaaqudgha.
  2771 | D:3      | Gained mutation: You are mostly covered in sharp spines.
                  | [demonic ancestry]
  2771 | D:3      | Reached XP level 5. HP: 35/35 MP: 8/10
  3496 | D:4      | Found a glowing drain.
  3522 | D:4      | Learned a level 2 spell: Searing Ray
  3587 | Sewer    | Entered a sewer
  4304 | D:4      | Found a staircase to the Ecumenical Temple.
  4337 | D:4      | Identified the +2 scale mail of the Tundras {Int+4}
  4384 | D:4      | Reached XP level 6. HP: 38/41 MP: 4/12
  4558 | D:4      | Reached skill level 6 in Conjurations
  4962 | D:4      | Reached skill level 5 in Spellcasting
  5123 | D:5      | Entered Level 5 of the Dungeon
  5140 | D:5      | Gained mutation: You are partially covered in rugged brown
                  | scales. (AC +1, +3% HP) [demonic ancestry]
  5140 | D:5      | Reached XP level 7. HP: 38/47 MP: 6/14
  5472 | D:5      | Reached skill level 7 in Conjurations
  5767 | D:5      | Found an iron altar of Okawaru.
  5782 | D:5      | Noticed a vampire
  5797 | D:5      | Slain by a vampire

Illustrated notes

Levels and vault maps discovered:
D:1:      dpeg_arrival_court, layout_basic, basic_ecumenical_altar,
          item_on_display_a
D:2:      layout_loops_ring
D:3:      layout_rooms, nicolae_kikubaaqudgha_miasma_corner, minmay_rat_hole
D:4:      layout_rooms, nicolae_tso_besieged_by_evil,
          mainiacjoe_overflow_brackets, minmay_temple_entry_mini_moons,
          cheibrodos_sewer_entry_bend, guppyfry_early_lair_pool
D:5:      layout_cave_pools, old_standard_altar

Skill      XL: |  1  2  3  4  5  6  7 |
---------------+----------------------+-----
Spellcasting   | 3 4 5 |  5.9
Conjurations   | 5 6 7 |  7.3
Dodging        | |  1.7
Stealth        | |  1.7

Action                   |  1- 3 |  4- 6 |  7- 9 || total
-------------------------+-------+-------+-------++-------
Melee: Unarmed           |    13 |    11 |       ||    24
       Punch             |       |     1 |       ||     1
 Cast: Magic Dart        |    73 |   236 |    54 ||   363
       Searing Ray       |       |       |     2 ||     2
Armor: Robe              |    12 |    15 |     8 ||    35
Dodge: Dodged            |    27 |    24 |     7 ||    58
